 Dungeon Crawl Stone Soup version 0.30.1-4-g462c640d31 (webtiles) character file.

Game seed: 15143329405034767996

41953 Peloso the Fencer (level 13, -5/119 HPs)
             Began as a Minotaur Fighter on Aug 17, 2023.
             Was the Champion of Okawaru.
             Slain by an orc knight
             ... wielding a +2 bardiche of protection
              (49 damage)
             ... on level 2 of the Orcish Mines.
             The game lasted 00:34:15 (19188 turns).

Peloso the Fencer (Minotaur Fighter)               Turns: 19188, Time: 00:34:16

Health: -5/119     AC: 18    Str: 23    XL:     13   Next: 82%
Magic:  12/13      EV: 16    Int:  5    God:    Okawaru [******]
Gold:   1511       SH: 24    Dex: 22    Spells: 12/12 levels left

rFire   + + .        a - +2 scimitar (heavy)
rCold   + + .        d - +1 tower shield {rC+}
rNeg    . . .        y - +0 chain mail
rPois   +            I - +2 hat
rElec   .            i - scarf of the Voracious God {rC+ rF+, Dex+5}
rCorr   .            V - +0 pair of gloves of the Gravedigger {rF+ Dex+4}
SInv    .            (no boots)
Will    .....        (no amulet)
Stlth   +            s - ring of poison resistance
HPRegen 0.39/turn    D - +4 ring of slaying
MPRegen 0.13/turn

%: no passive effects
@: heroic, studying Ice Magic
A: horns 2, retaliatory headbutt
a: Renounce Religion, Heroism, Finesse, Duel


You were on level 2 of the Orcish Mines.
You worshipped Okawaru.
Okawaru was exalted by your worship.
You visited 4 branches of the dungeon, and saw 18 of its levels.
You also visited: Ice Cave.

You collected 2548 gold pieces.
You spent 1037 gold pieces at shops.

Inventory:

Hand Weapons
 a - a +2 heavy scimitar (weapon)
 b - a +4 scimitar
Missiles
 u - a throwing net (quivered)
Armour
 d - a +1 tower shield of cold resistance (worn)
 i - the scarf of the Voracious God (worn) {rC+ rF+, Dex+5}
   (Okawaru gifted it to you on level 2 of the Lair of Beasts)

   Dex:       It affects your dexterity (+5).
 y - a +0 chain mail (worn)
 z - the +0 chain mail of Vocrafas {rN++ MP-9 Str+4 Int-3}
   (You bought it in a shop on level 10 of the Dungeon)

   Str:       It affects your strength (+4).
   Int:       It affects your intelligence (-3).
   rN:        It greatly protects you from negative energy.
   MP:        It affects your magic capacity (-9).
 I - a +2 hat (worn)
 V - the +0 pair of gloves of the Gravedigger (worn) {rF+ Dex+4}
   (You bought it in a shop on level 10 of the Dungeon)

   Dex:       It affects your dexterity (+4).
   rF:        It protects you from fire.
Jewellery
 c - a ring of resist corrosion
 s - a ring of poison resistance (left hand)
 A - a +4 ring of protection
 D - a +4 ring of slaying (right hand)
 H - a ring of protection from cold
 J - a ring of fire
 X - an amulet of guardian spirit
Wands
 l - a wand of flame (11)
 B - a wand of paralysis (28)
 F - a wand of roots (19)
 N - a wand of mindburst (18)
 Q - a wand of digging (11)
 S - a wand of polymorph (8)
 U - a wand of light (7)
Scrolls
 e - 5 scrolls of enchant armour {unknown}
 f - 3 scrolls of immolation {unknown}
 g - 4 scrolls of identify
 h - 2 scrolls of acquirement
 j - 7 scrolls of teleportation {unknown}
 m - 2 scrolls of magic mapping
 o - 4 scrolls of noise
 p - 6 scrolls of fear
 t - a scroll of blinking
 w - 2 scrolls of amnesia {unknown}
 E - 2 scrolls of enchant weapon {unknown}
 K - a scroll of fog {unknown}
 M - a scroll of poison
 O - 3 scrolls of silence
 T - a scroll of brand weapon
Potions
 k - 2 potions of might
 n - 3 potions of magic
 q - 2 potions of cancellation
 r - a potion of brilliance
 v - 4 potions of flight
 x - 4 potions of heal wounds
 C - 3 potions of curing
 G - 5 potions of mutation
 L - 2 potions of haste
 P - a potion of ambrosia {unknown}
 R - 2 potions of invisibility
 W - 3 potions of lignification {unknown}
 Z - 6 potions of resistance {unknown}
Miscellaneous
 Y - a phial of floods


   Skills:
 + Level 12.9(17.9) Fighting
 + Level 15.8(20.8) Long Blades
 + Level 13.6(18.6) Armour
 + Level 6.8(11.8) Dodging
 + Level 2.1(7.1) Stealth
 + Level 14.2(19.2) Shields
 + Level 2.0 Invocations
 + Level 1.3 Evocations


You had 12 spell levels left.
You didn't know any spells.
Your spell library contained the following spells:

 Spells                   Type           Power      Damage    Failure   Level
 Freeze                   Ice            0%         1d3       96%         1
 Kiss of Death            Conj/Necr      0%         2d5       96%         1
 Magic Dart               Conj           0%         1d3       96%         1
 Slow                     Hex            0%         N/A       96%         1
 Ensorcelled Hibernation  Hex/Ice        0%         N/A       99%         2
 Passwall                 Tmut/Erth      0%         N/A       99%         2
 Poisonous Vapours        Pois/Air       0%         N/A       99%         2
 Searing Ray              Conj           0%         2d4       99%         2
 Confusing Touch          Hex            0%         N/A       100%        3
 Frozen Ramparts          Ice            0%         1d1       100%        3
 Hailstorm                Conj/Ice       0%         3d3       100%        3
 Mephitic Cloud           Conj/Pois/Air  0%         N/A       100%        3
 Swiftness                Air            0%         N/A       100%        3
 Vampiric Draining        Necr           0%         2d6       100%        3
 Vhi's Electric Charge    Tloc/Air       0%         N/A       100%        3
 Dispel Undead            Necr           0%         3d6       100%        4
 Fulminant Prism          Conj/Hex       0%         3d5       100%        4
 Ice Form                 Ice/Tmut       0%         N/A       100%        4
 Arcjolt                  Conj/Air       0%         1d10      100%        5
 Freezing Cloud           Conj/Ice/Air   0%         6-21      100%        5
 Plasma Beam              Fire/Air       0%         2x1d11    100%        6
 Simulacrum               Ice/Necr       Unusable   N/A       N/A         6

Dungeon Overview and Level Annotations

Branches:
Dungeon (12/15)            Temple (1/1) D:6            Lair (3/5) D:9
 Shoals (0/4) Lair:2       Spider (0/4) Lair:2          Orc (2/2) D:12
    Elf (0/3) Orc:2         IceCv (visited)

Altars:
Cheibriados
Dithmenos
Kikubaaqudgha
Makhleb
Okawaru
Qazlal
Sif Muna
Trog
Yredelemnul
Zin

Shops:
D:4 *   D:7 :   D:10 *(?*[

Portals:
Trove: D:12 (give +7 demon whip)

Annotations:
D:2 Dig
D:11 2 transporters, Peloso's ghost, journeyman MiFi


Innate Abilities, Weirdness & Mutations

You have a pair of horns on your head.
You reflexively headbutt those who attack you in melee.


Message History

The orc priest is heavily wounded.
The orc knight roars a battlecry!
The orcs go into a battle-frenzy!
You block the orc knight's attack.
The orc priest calls down the wrath of Beogh upon you.
Beogh smites you! You block the orc priest's attack.
The orc priest mumbles some strange prayers to Beogh against you.
Beogh smites you!
The orc knight hits you with a +1 long sword of holy wrath!
The orc knight hits you with a +2 bardiche of protection!!
You carve the orc priest like a ham!!!
You kill the orc priest!
Okawaru accepts your kill.
The orc knight hits you but does no damage.
You block the orc knight's attack.
Unknown command.
You slice the orc knight!!
The orc knight is severely wounded.
You block the orc knight's attack. x2
You hit the orc knight.
The orc knight is severely wounded.
The orc knight barely misses you.
The orc knight roars a battlecry!
The orc knight goes into a battle-frenzy!
You barely miss the orc knight. You headbutt the orc knight!
The orc knight is almost dead.
You block the orc knight's attack. x2
You hit the orc knight but do no damage.
The orc knight is almost dead.
An orc priest comes into view. It is wielding a +0 flail.
The orc knight completely misses you. You furiously retaliate!
You headbutt the orc knight! The orc knight completely misses you.
You furiously retaliate!
You headbutt the orc knight! You closely miss the orc knight.
The orc knight is almost dead.
The orc priest mumbles some strange prayers to Beogh against you.
Beogh smites you! You block the orc priest's attack.
You block the orc knight's attack.
The orc knight hits you with a +2 bardiche of protection!!!
You die...

##...................#.###
#...................####.##
#....................##...#
#........)))...........#..#
#.......[(<)...............
#........[))...............
#.........)[...............
#.........oo...........#...
##........@).)..<.........#
#........o...........#...#
#..........................
#..................#......#
...............#...##....
.#..............>#.###.#
#........[......#..#.##
#######o.)#######.....#
#.....o #....#.


You could see 2 orc knights and 2 orc priests.

Vanquished Creatures
  Gastronok (D:8)
  A hydra (Lair:3)
  Harold (D:10)
  An ogre mage (D:11)
  2 ironbound frosthearts (IceCv)
  5 death yaks (IceCv)
  3 two-headed ogres
  Amaemon (D:11)
  A skyshark (Lair:2)
  An orc knight (D:12)
  2 cyclopes
  A manticore (D:11)
  An orc sorcerer (Orc:2)
  3 black mambas
  3 elephants (Lair:3)
  3 torpor snails
  An ice statue (IceCv)
  2 water nymphs (Lair:2)
  2 unseen horrors
  A cane toad (Lair:2)
  An orange demon (D:11)
  Maggie (D:8)
  3 rime drakes
  A kobold demonologist (D:9)
  5 komodo dragons
  Psyche (D:8)
  2 ice devils (Lair:2)
  A merfolk (D:12)
  A hornet (Lair:2)
  4 trolls
  9 polar bears
  8 blink frogs
  2 vampires
  3 wyverns
  2 shadows
  45 yaks
  7 vampire mosquitoes
  3 basilisks
  A steam dragon (D:9)
  Menkaure (D:7)
  8 water moccasins
  An ice beast (D:6)
  10 orc warriors
  4 black bears
  A sky beast (D:8)
  2 ogres
  24 wolves
  3 centaurs
  3 phantoms
  2 kobold brigands
  7 bullfrogs
  3 scorpions
  A gnoll sergeant (D:9)
  4 wights (D:9)
  9 howler monkeys
  8 electric eels
  5 lava snakes (Lair:2)
  7 hounds
  A jelly (D:5)
  26 orc priests
  Crazy Yiuf (D:6)
  10 orc wizards
  3 iguanas
  A sleepcap (D:5)
  12 gnolls
  6 adders
  2 shadow imps
  An ufetubus (D:6)
  4 worms
  3 dart slugs
  32 orcs
  6 ball pythons
  5 endoplasms
  4 giant cockroaches
  6 goblins
  6 hobgoblins
  5 jackals
  17 kobolds
  3 quokkas
  5 bats
  A frilled lizard (D:1)
  8 rats
407 creatures vanquished.

Notes
Turn   | Place    | Note
-------+----------+-------------------------------------------
     0 | D:1      | Peloso the Minotaur Fighter began the quest for the Orb.
     0 | D:1      | Reached XP level 1. HP: 19/19 MP: 0/0
   130 | D:1      | Reached XP level 2. HP: 22/27 MP: 1/1
   580 | D:1      | Reached XP level 3. HP: 33/33 MP: 2/2
   827 | D:2      | Found an iron altar of Okawaru.
   835 | D:2      | Became a worshipper of Warmaster Okawaru
   973 | D:2      | Reached skill level 3 in Long Blades
  1203 | D:2      | Reached XP level 4. HP: 37/40 MP: 3/3
  1408 | D:3      | Found a glowing silver altar of Zin.
  1907 | D:4      | Reached skill level 1 in Dodging
  1934 | D:4      | Found Kawo Zouz's Jewellery Shoppe.
  2126 | D:4      | Noticed a phantom
  2137 | D:4      | Killed a phantom
  2137 | D:4      | Reached * piety under Okawaru
  2138 | D:4      | Reached skill level 4 in Long Blades
  2138 | D:4      | Reached XP level 5. HP: 47/47 MP: 4/4
  2142 | D:4      | Found Verpheo's Fire Supplies.
  2219 | D:4      | Reached skill level 5 in Armour
  2593 | D:5      | Entered Level 5 of the Dungeon
  2607 | D:5      | Reached skill level 5 in Shields
  2607 | D:5      | Reached XP level 6. HP: 55/55 MP: 5/5
  2683 | D:5      | Reached skill level 5 in Long Blades
  2736 | D:5      | Reached skill level 5 in Fighting
  3350 | D:5      | Reached XP level 7. HP: 61/61 MP: 6/6
  3608 | D:6      | Reached ** piety under Okawaru
  3619 | D:6      | Reached skill level 6 in Long Blades
  3670 | D:6      | Found a staircase to the Ecumenical Temple.
  3696 | Temple   | Entered the Ecumenical Temple
  4232 | D:6      | Found a stormy altar of Qazlal.
  4335 | D:6      | Found a runed translucent door.
  4336 | D:6      | Noticed Crazy Yiuf
  4348 | D:6      | Killed Crazy Yiuf
  4423 | D:6      | Reached XP level 8. HP: 68/70 MP: 7/7
  4511 | D:6      | Reached skill level 7 in Long Blades
  4523 | D:6      | Found an ancient bone altar of Kikubaaqudgha.
  5066 | D:7      | Noticed a walking crystal tome
  5069 | D:7      | Found Isitytil's Book Boutique.
  5069 | D:7      | Noticed a walking crystal tome
  5213 | D:7      | Reached skill level 8 in Long Blades
  5475 | D:7      | Identified the +7 dagger of Ravage {freeze, Int+2}
  5642 | D:7      | Noticed Menkaure
  5645 | D:7      | Killed Menkaure
  6225 | D:8      | Noticed Psyche
  6231 | D:8      | Killed Psyche
  6232 | D:8      | Reached skill level 9 in Long Blades
  6232 | D:8      | Reached XP level 9. HP: 67/78 MP: 5/8
  6312 | D:8      | Noticed Gastronok
  6324 | D:8      | Killed Gastronok
  6324 | D:8      | Reached *** piety under Okawaru
  6325 | D:8      | Reached skill level 10 in Long Blades
  6556 | D:8      | Noticed Maggie
  6565 | D:8      | Killed Maggie
  6566 | D:8      | Reached skill level 11 in Long Blades
  7136 | D:9      | Reached **** piety under Okawaru
  7137 | D:9      | Reached XP level 10. HP: 60/88 MP: 9/9
  7379 | D:9      | Reached skill level 1 in Invocations
  7532 | D:9      | Received a gift from Okawaru
  7576 | D:9      | Noticed a two-headed ogre
  7751 | D:9      | Killed a two-headed ogre
  7752 | D:9      | Reached skill level 12 in Long Blades
  7861 | D:9      | Found a snail-covered altar of Cheibriados.
  8077 | D:9      | Found a staircase to the Lair.
  8400 | D:9      | Found a basalt altar of Yredelemnul.
  8517 | D:10     | Entered Level 10 of the Dungeon
  8521 | D:10     | Found Yluifax's Antique Armour Emporium.
  8526 | D:10     | Noticed Harold
  8538 | D:10     | Killed Harold
  8538 | D:10     | Reached ***** piety under Okawaru
  8539 | D:10     | Reached skill level 10 in Armour
  8539 | D:10     | Reached skill level 1 in Stealth
  8811 | D:10     | Bought a pair of pitted gloves for 256 gold pieces
  8811 | D:10     | Identified the +0 pair of gloves of the Gravedigger {rF+
                  | Dex+4} (You bought it in a shop on level 10 of the Dungeon)
  8852 | D:10     | Found Alolum's Magic Scroll Emporium.
  8868 | D:10     | Found Doguschiss's General Store.
  8888 | D:10     | Bought a scroll of identify for 26 gold pieces
  8888 | D:10     | Bought a scroll of magic mapping for 97 gold pieces
  8918 | D:10     | Found a bloodstained altar of Trog.
  9142 | D:10     | Found Did Gac's Antique Weapon Shop.
  9170 | D:10     | Found Wastru's Assorted Antiques.
  9178 | D:10     | Bought a fuming red potion for 27 gold pieces
  9178 | D:10     | Bought a red potion for 27 gold pieces
  9178 | D:10     | Bought 2 scrolls labelled GIELESSACOREMY for 62 gold pieces
  9178 | D:10     | Bought a scroll labelled GURIFIFYDGH for 31 gold pieces
  9257 | D:10     | Reached XP level 11. HP: 80/97 MP: 10/10
  9427 | D:10     | Found a shimmering blue altar of Sif Muna.
  9481 | D:10     | Found a shadowy altar of Dithmenos.
  9629 | D:11     | Reached skill level 13 in Long Blades
  9669 | D:11     | Noticed Amaemon
  9720 | D:11     | Killed Amaemon
  9915 | D:11     | Found a transporter.
  9927 | D:11     | Noticed a death drake
  9928 | D:11     | Noticed an orc knight
  9930 | D:11     | Noticed a boulder beetle
  9931 | D:11     | a death drake changed into a lindwurm
  9931 | D:11     | Noticed a lindwurm (glowing shapeshifter)
  9934 | D:11     | a lindwurm changed into a salamander
 10154 | D:11     | Noticed an ogre mage
 10155 | D:11     | Paralysed by an ogre mage for 4 turns
 10160 | D:11     | Killed an ogre mage
 10161 | D:11     | Reached skill level 1 in Evocations
 10286 | D:11     | Noticed a two-headed ogre
 10297 | D:11     | Killed a two-headed ogre
 10297 | D:11     | Received a gift from Okawaru
 10441 | D:11     | Noticed Peloso's ghost (journeyman MiFi)
 10442 | D:11     | Noticed a fenstrider witch
 10443 | D:11     | a fenstrider witch changed into an acid blob
 10443 | D:11     | Noticed an acid blob (glowing shapeshifter)
 10447 | D:11     | an acid blob changed into an iron dragon
 10447 | D:11     | Noticed an iron dragon (glowing shapeshifter)
 10448 | D:11     | Found a transporter.
 10448 | D:11     | an iron dragon changed into an acid blob
 10448 | D:11     | Noticed an acid blob (glowing shapeshifter)
 10451 | D:11     | an acid blob changed into an iron dragon
 10451 | D:11     | Noticed an iron dragon (glowing shapeshifter)
 10460 | D:11     | an iron dragon changed into a stone giant
 10460 | D:11     | Noticed a stone giant (glowing shapeshifter)
 10466 | D:11     | a stone giant changed into an iron troll
 10466 | D:11     | Noticed an iron troll (glowing shapeshifter)
 10467 | D:11     | an iron troll changed into an alligator snapping turtle
 10467 | D:11     | Noticed an alligator snapping turtle (glowing shapeshifter)
 10468 | D:11     | an alligator snapping turtle changed into a shadow dragon
 10468 | D:11     | Noticed a shadow dragon (glowing shapeshifter)
 10470 | D:11     | a shadow dragon changed into a stone giant
 10470 | D:11     | Noticed a stone giant (glowing shapeshifter)
 10477 | D:11     | a stone giant changed into a fire giant
 10477 | D:11     | Noticed a fire giant (glowing shapeshifter)
 10479 | D:11     | a fire giant changed into an iron troll
 10479 | D:11     | Noticed an iron troll (glowing shapeshifter)
 10482 | D:11     | an iron troll changed into an eleionoma
 10482 | D:11     | Noticed an eleionoma (glowing shapeshifter)
 10490 | D:11     | Noticed an emperor scorpion
 10500 | D:11     | Reached skill level 10 in Fighting
 10846 | D:11     | a manticore changed into a shock serpent
 10846 | D:11     | Noticed a shock serpent (glowing shapeshifter)
 10847 | D:11     | a shock serpent changed into a merfolk
 10849 | D:11     | a snapping turtle changed into a swamp dragon
 10849 | D:11     | Noticed a swamp dragon (glowing shapeshifter)
 10853 | D:11     | a swamp dragon changed into a wind drake
 10868 | D:11     | a yaktaur changed into a swamp dragon
 10868 | D:11     | Noticed a swamp dragon (glowing shapeshifter)
 10869 | D:11     | a swamp dragon changed into a culicivora
 10870 | D:11     | a culicivora changed into an entropy weaver
 10870 | D:11     | Noticed an entropy weaver (glowing shapeshifter)
 10871 | D:11     | an entropy weaver changed into a basilisk
 10883 | D:11     | a hog changed into a harpy
 10883 | D:11     | Noticed a harpy (glowing shapeshifter)
 11062 | Lair:1   | Entered Level 1 of the Lair of Beasts
 11088 | Lair:1   | Identified the +0 leather armour of Altruism {Int+3}
 11119 | Lair:1   | Reached skill level 5 in Dodging
 11293 | Lair:1   | Reached ****** piety under Okawaru
 11311 | Lair:1   | Reached skill level 10 in Shields
 11406 | Lair:1   | Identified the +8 kite shield "Qeylen" {Fly rF- Dex+3}
                  | (Okawaru gifted it to you on level 1 of the Lair of Beasts)
 11406 | Lair:1   | Received a gift from Okawaru
 11453 | Lair:1   | Reached skill level 14 in Long Blades
 11459 | Lair:1   | Reached XP level 12. HP: 104/107 MP: 12/12
 11722 | Lair:2   | Identified the +0 whip "Impslayer" {venom, MP+9 Str+2}
 11951 | Lair:2   | Found a frozen archway.
 11968 | IceCv    | Entered an ice cave
 12389 | IceCv    | Noticed a death yak
 12389 | IceCv    | Noticed a death yak
 12399 | IceCv    | Killed a death yak
 12405 | IceCv    | Killed a death yak
 12406 | IceCv    | Reached skill level 15 in Long Blades
 12774 | IceCv    | Noticed a death yak
 12774 | IceCv    | Noticed an ironbound frostheart
 12774 | IceCv    | Noticed an ironbound frostheart
 12774 | IceCv    | Noticed a death yak
 12774 | IceCv    | Noticed a death yak
 12784 | IceCv    | Killed a death yak
 12789 | IceCv    | Killed an ironbound frostheart
 12793 | IceCv    | Killed a death yak
 12796 | IceCv    | Killed a death yak
 12797 | IceCv    | Reached XP level 13. HP: 52/117 MP: 11/13
 13095 | IceCv    | Identified the +6 war axe of the Realm of Zot {elec, Str+3}
 13549 | IceCv    | Identified 3 scrolls of acquirement
 13549 | IceCv    | Acquired 864 gold pieces
 13656 | IceCv    | Acquired the +0 pair of boots of Amiqur {Rampage Str-4
                  | Int+5 SInv}
 13759 | Lair:2   | Found a hole to the Spider Nest.
 14387 | Lair:2   | Identified the scarf of the Voracious God {rC+ rF+, Dex+5}
                  | (Okawaru gifted it to you on level 2 of the Lair of Beasts)
 14387 | Lair:2   | Received a gift from Okawaru
 15171 | D:10     | Bought a masterwork chain mail for 294 gold pieces
 15171 | D:10     | Identified the +0 chain mail of Vocrafas {rN++ MP-9 Str+4
                  | Int-3} (You bought it in a shop on level 10 of the Dungeon)
 15175 | D:10     | Bought a runed hat for 217 gold pieces
 16844 | D:12     | Found a staircase to the Orcish Mines.
 17120 | D:12     | Identified the +0 leather armour of the Sparrow {Will+
                  | Int+2 Dex+6}
 17334 | D:12     | Found a portal to a secret trove of treasure.
 17484 | Orc:1    | Entered Level 1 of the Orcish Mines
 17982 | Orc:2    | Entered Level 2 of the Orcish Mines
 18119 | Orc:2    | Found a staircase to the Elven Halls.
 18166 | Orc:2    | HP: 1/119 [orc priest/divine providence (16)]
 19188 | Orc:2    | Slain by an orc knight

Illustrated notes

Levels and vault maps discovered:
D:1:      heliophobic_arrival_enchanted_forest, layout_loops_ring
D:2:      layout_basic, basic_altar, item_on_display_a
D:3:      layout_basic, mainiacjoe_overflow_paths, serial_glass,
          glass_columns_b, glass_columns_c, glass_columns_a, glass_columns_a,
          glass_columns_a, glass_columns_a, minmay_misc_feat_cross
D:4:      layout_loops_cross, serial_shops, nicolae_shop_tiny_glass,
          dreamdust_wishing_well, nicolae_shop_fire_sale
          [nicolae_sub_dead_trees], moated_statue, mrwooster_statue_mirror
D:5:      layout_basic
D:6:      layout_loops_cross, grunt_qazlal_clouds, kiku_gazebo_pond_becter,
          temple_green, minmay_door_square, palyth_stone_intersect,
          uniq_crazy_yiuf_cottage
D:7:      layout_loops_ring, serial_co_window_serial, co_window_paths_a,
          co_window_of_opportunity_a, co_window_of_opportunity_a,
          co_window_paths_a, co_window_paths_b, co_window_paths_a,
          co_window_corner_a, co_window_broadway_c, co_window_of_opportunity_c,
          co_window_of_opportunity_c, co_window_broadway_c, co_window_corner_b,
          co_window_unsneaky_path_a, glass_columns_b, glass_columns_a,
          glass_columns_c, glass_columns_b, serial_shops,
          nicolae_shop_mannequins, amcnicky_mini_pool_small, minmay_holes,
          uniq_menkaure
D:8:      layout_basic, uniq_psyche, uniq_maggie, uniq_gastronok
D:9:      layout_irregular_city, kennysheep_mini, kennysheep_slug_shrine,
          erik_lair_island
D:10:     layout_long_grid, nicolae_overflow_hidden_temple,
          mainiacjoe_overflow_six_doors_small, tgw_sif, serial_shops, shop,
          shop, nicolae_shop_just_a_little_nook, shop,
          nicolae_shop_advertising_works [nicolae_subvault_shop_adworks],
          uniq_harold
D:11:     layout_basic, gammafunk_ghost_arena, kennysheep_windowed_goal,
          uniq_amaemon
D:12:     layout_roguey, orc_0_dummy, enter_trove_6, hangedman_fish_farm
Temple:   dpeg_chambers_temple
Lair:1:   layout_roguey, infiniplex_staircase_pool_2
Lair:2:   layout_cave_pods, nicolae_shoals_entry_flooding,
          nicolae_spider_entry_non_spiders, portal_ice_cave_demonic_guard,
          nicolae_lair_grove_arrangements, nicolae_lair_liquid_snakes
Lair:3:   layout_cave_pods, lemuel_fruit_tree, grunt_megastairs_1
Orc:1:    layout_caves
Orc:2:    st_orc_pillars, layout_caves, serial_shops,
          nicolae_shop_window_shopping

Skill      XL: |  1  2  3  4  5  6  7  8  9 10 11 12 13 |
---------------+----------------------------------------+-----
Shields        | 4 5 6 8 10 12 14 | 14.2
Armour         | 4 5 6 7 8 10 11 12 13 | 13.6
Fighting       | 4 5 6 8 9 10 11 12 | 12.9
Long Blades    | 3 4 5 6 9 11 12 14 15 | 15.8
Dodging        | 1 2 3 4 5 6 |  6.8
Invocations    | 1 2 |  2.0
Stealth        | 1 2 |  2.1
Evocations     | 1 |  1.3

Action                     |  1- 3 |  4- 6 |  7- 9 | 10-12 | 13-15 || total
---------------------------+-------+-------+-------+-------+-------++-------
  Melee: Long sword        |    66 |    58 |       |       |       ||   124
         Headbutt          |    10 |    14 |    28 |    86 |    58 ||   196
         Scimitar          |       |    38 |   145 |   421 |   292 ||   896
 Invoke: Heroism           |       |       |     4 |     6 |     2 ||    12
  Evoke: Wand              |       |       |       |     7 |     7 ||    14
    Use: Potion            |     3 |       |     4 |     1 |     2 ||    10
         Scroll            |       |       |       |     1 |    17 ||    18
 Armour: Scale mail        |    36 |    42 |       |       |       ||    78
         Chain mail        |       |    18 |   116 |   264 |    83 ||   481
  Dodge: Dodged            |    37 |    48 |    41 |   194 |   119 ||   439
  Block: Buckler           |    20 |    25 |    44 |    14 |       ||   103
         Kite shield       |       |       |       |   296 |     3 ||   299
         Tower shield      |       |       |       |       |   388 ||   388
